 Dungeon Crawl Stone Soup version 0.22-a0-247-gbddf880757 (webtiles) character file.

1629 Peterchen the Cleaver (level 8, -3/64 HPs)
             Began as a Minotaur Berserker on Feb 25, 2018.
             Was a Priest of Trog.
             Killed from afar by an electric eel (5 damage)
             ... with a bolt of electricity
             ... on level 6 of the Dungeon.
             The game lasted 00:09:31 (4400 turns).

Peterchen the Cleaver (Minotaur Berserker)          Turns: 4400, Time: 00:09:31

Health: -3/64      AC: 14    Str: 24    XL:     8   Next: 65%
Magic:  7/7        EV:  7    Int:  7    God:    Trog [***...]
Gold:   327        SH:  0    Dex: 10    Spells: 7/7 levels left

rFire    . . .     SeeInvis +   w - +0 battleaxe
rCold    . . .     Gourm    +   (shield currently unavailable)
rNeg     . . .     Faith    .   E - +0 plate armour
rPois    .         Spirit   .   (helmet restricted)
rElec    .         Reflect  .   n - +0 cloak
rCorr    .         Harm     .   x - +1 pair of gloves
MR       .....                  (no boots)
Stlth    ..........             q - amulet of the gourmand
HPRegen  0.20/turn              r - ring of see invisible
MPRegen  0.10/turn              o - +3 ring of intelligence

@: no status effects
A: retaliatory headbutt, horns 2
a: Berserk, Trog's Hand, Renounce Religion


You were on level 6 of the Dungeon.
You worshipped Trog.
Trog was most pleased with you.
You were very full.

You visited 1 branch of the dungeon, and saw 6 of its levels.

You collected 327 gold pieces.

Inventory:

Hand Weapons
 w - a +0 battleaxe (weapon)
Armour
 n - a +0 cloak (worn)
 x - a +1 pair of gloves (worn)
 E - a +0 plate armour (worn)
Jewellery
 o - a +3 ring of intelligence (right hand)
 q - an amulet of the gourmand (around neck)
 r - a ring of see invisible (left hand)
 y - an uncursed ring of protection from cold {unknown}
Wands
 m - a wand of flame (21)
 A - a wand of enslavement (11)
 D - a wand of digging (9)
Scrolls
 a - 2 scrolls of amnesia
 e - 3 scrolls of enchant weapon
 g - 4 scrolls of immolation
 i - 10 scrolls of remove curse
 k - 2 scrolls of magic mapping
 l - 2 scrolls of noise
 p - a scroll of enchant armour
 s - 3 scrolls of teleportation
 z - a scroll of fear
 C - a scroll of vulnerability {unknown}
Potions
 b - 3 potions of mutation {unknown}
 d - 3 potions of lignification {unknown}
 f - 2 potions of agility {unknown}
 j - 4 potions of degeneration {unknown}
 t - 2 potions of flight {unknown}
 u - a potion of berserk rage {unknown}
 B - a potion of cancellation {unknown}
Comestibles
 c - 24 rations


   Skills:
 - Level 3.6 Fighting
 * Level 13.1 Axes
 - Level 2.4 Armour
 - Level 2.1 Dodging


You had 7 spell levels left.
You didn't know any spells.

Dungeon Overview and Level Annotations

Branches:
Dungeon (6/15)             Temple (0/1) D:4

Altars:
Nemelex Xobeh
Xom

Annotations:
D:6 1 transporter


Innate Abilities, Weirdness & Mutations

You reflexively headbutt those who attack you in melee.
You have a pair of horns on your head.


Message History

The bolt of electricity hits you! x2
There is an open door here.
Evoke which item? (* to show all) (? for menu, Esc to quit)
Aiming: Enslavement
Press: ? - help, Shift-Dir - straight line, f - electric eel
Aim: an electric eel (chance to defeat MR: 54%)
The electric eel resists with significant effort.
The electric eel shoots out a bolt of lightning at you!
The bolt of electricity hits you! x2
The electric eel shoots out a bolt of lightning at you!
The bolt of electricity hits you! x2
The electric eel shoots out a bolt of lightning at you!
The bolt of electricity hits you! x2
* * * LOW HITPOINT WARNING * * *
The bolt of electricity hits the plant.
The electric eel shoots out a bolt of lightning at you!
The bolt of electricity hits you!
* * * LOW HITPOINT WARNING * * *
The bolt of electricity hits you!
You die...

.....# ##....[..#
###### #.......####
#..........## ##
####.#####..#
.###################.##
..#...................#
#.#.###############.#.#
#.#.#8P#≈≈≈≈≈;;#P8#.#.#
#...#..#.......#@§#...#
#..©#©$+...⌠...'§§#©..#
##..#..#.......#§§#..##
##.#8P#≈≈≈≈≈;;#P8#.##
#.###############.#
#.................#
###################


You could see 4 electric eels.

Vanquished Creatures
  Prince Ribbit (D:6)
  Grinder (D:5)
  Eustachio (D:6)
  Edmund (D:5)
  3 ogres
  A phantom (D:4)
  2 bullfrogs (D:6)
  A howler monkey (D:4)
  A crimson imp (D:6)
  A bullfrog zombie (D:2)
  3 hounds
  2 orc wizards (D:4)
  2 orc priests (D:4)
  2 iguanas (D:4)
  A hound skeleton (D:6)
  6 adders
  2 oozes
  3 worms
  A dart slug (D:4)
  2 leopard geckos (D:4)
  10 orcs
  11 bats
  3 giant cockroaches
  11 goblins
  4 hobgoblins
  4 jackals (D:4)
  6 frilled lizards
  2 kobolds (D:2)
  A leopard gecko skeleton (D:4)
  4 rats
93 creatures vanquished.

Vanquished Creatures (others)
  A quokka zombie (D:6)
1 creature vanquished.

Grand Total: 94 creatures vanquished

Notes
Turn   | Place    | Note
-------+----------+-------------------------------------------
     0 | D:1      | Peterchen the Minotaur Berserker began the quest for the Orb.
     0 | D:1      | Reached XP level 1. HP: 19/19 MP: 0/0
    99 | D:1      | Reached skill level 4 in Axes
   143 | D:1      | Reached XP level 2. HP: 18/26 MP: 1/1
   901 | D:2      | Reached skill level 5 in Axes
   909 | D:2      | Reached XP level 3. HP: 27/31 MP: 2/2
  1005 | D:2      | Reached ** piety under Trog
  1728 | D:2      | Reached skill level 6 in Axes
  1728 | D:2      | Reached XP level 4. HP: 31/39 MP: 3/3
  2343 | D:4      | Reached skill level 7 in Axes
  2343 | D:4      | Reached XP level 5. HP: 45/45 MP: 4/4
  2433 | D:4      | Got an ancient scale mail
  2444 | D:4      | Identified the +1 scale mail "Yreriug" {Int+7} (You found it on level 4 of the Dungeon)
  2610 | D:4      | Reached skill level 8 in Axes
  2611 | D:4      | Reached XP level 6. HP: 35/51 MP: 5/5
  2798 | D:4      | Reached skill level 9 in Axes
  2858 | D:4      | Reached *** piety under Trog
  2863 | D:4      | Found a staircase to the Ecumenical Temple.
  2879 | D:4      | Reached XP level 7. HP: 40/57 MP: 6/6
  2962 | D:4      | Reached skill level 10 in Axes
  3234 | D:5      | Entered Level 5 of the Dungeon
  3234 | D:5      | Noticed Grinder
  3241 | D:5      | Killed Grinder
  3255 | D:5      | Noticed Edmund
  3266 | D:5      | Killed Edmund
  3266 | D:5      | Reached skill level 11 in Axes
  3599 | D:5      | Reached XP level 8. HP: 64/64 MP: 7/7
  3726 | D:5      | Found a shimmering altar of Xom.
  3845 | D:6      | Noticed Prince Ribbit
  3865 | D:6      | Killed Prince Ribbit
  3865 | D:6      | Reached skill level 12 in Axes
  4129 | D:6      | Noticed Eustachio
  4149 | D:6      | Killed Eustachio
  4168 | D:6      | Reached skill level 13 in Axes
  4175 | D:6      | Found a sparkling altar of Nemelex Xobeh.
  4216 | D:6      | Found a transporter.
  4230 | D:6      | Found a transporter.
  4400 | D:6      | HP: 2/64 [electric eel/bolt of electricity (13)]
  4400 | D:6      | Killed from afar by an electric eel

Vault maps used:
D:1:      dpeg_arrival_erosion, bh_walls_and_bars
D:3:      st_stairs_7
D:4:      minmay_temple_entry_nine_rooms, minmay_cupped
D:5:      nicolae_overflow_crystal_walls, first_ration, uniq_grinder,
          uniq_edmund
D:6:      gammafunk_steamed_eel, basic_altar, lemuel_flamethrower_2,
          uniq_eustachio, uniq_prince_ribbit1

Skill      XL: |  1  2  3  4  5  6  7  8 |
---------------+-------------------------+-----
Axes           | 4 5 6 7 8 9 11 13 | 13.1
Fighting       | |  3.6
Armour         | |  2.4
Dodging        | |  2.1

Action                   |  1- 3 |  4- 6 |  7- 9 || total
-------------------------+-------+-------+-------++-------
Melee: Hand axe          |    93 |    15 |       ||   108
       Headbutt          |    11 |     8 |     7 ||    26
       Battleaxe         |       |    97 |    77 ||   174
Invok: Berserk           |     1 |     1 |     2 ||     4
Evoke: Wand              |       |       |     1 ||     1
  Use: Scroll            |     3 |       |     8 ||    11
 Stab: Sleeping          |     1 |       |       ||     1
  Eat: Chunk             |     4 |    20 |     6 ||    30
Armor: Animal skin       |    14 |       |       ||    14
       Ring mail         |    14 |    32 |       ||    46
       Scale mail        |       |    22 |    21 ||    43
       Plate armour      |       |       |     9 ||     9
Dodge: Dodged            |    28 |    59 |    32 ||   119
Block: Large shield      |    45 |     7 |       ||    52

Table legend:
 A = Spawn XP
 B = Non-spawn XP
 C = Spawn XP percentage of total XP
 D = Spawn monster count
 E = Non-spawn monster count
 F = Spawn count percentage of total count
 G = Total turns spent on level
                    A         B        C        D         E        F      G
               +---------+---------+-------+---------+---------+-------+---------
         Total |       0 |    2328 |   0.0 |       0 |      93 |   0.0 |  4400
               +---------+---------+-------+---------+---------+-------+---------
           D:1 |       0 |      33 |   0.0 |       0 |      17 |   0.0 |   897
           D:2 |       0 |      98 |   0.0 |       0 |      25 |   0.0 |  1134
           D:3 |       0 |      31 |   0.0 |       0 |       6 |   0.0 |   301
           D:4 |       0 |     711 |   0.0 |       0 |      29 |   0.0 |   902
           D:5 |       0 |     593 |   0.0 |       0 |       5 |   0.0 |   586
           D:6 |       0 |     862 |   0.0 |       0 |      11 |   0.0 |   580
               +---------+---------+-------+---------+---------+-------+---------
